[Event "CAT-ch Open-Women 2019"]
[Site "Platja de la Pineda"]
[Date "2019.04.21"]
[Round "6.12"]
[White "Fernandez Aguilar, Francisco"]
[Black "Rodon Balcells, Jaume"]
[Result "1-0"]
[ECO "D41"]
[WhiteElo "2132"]
[BlackElo "1862"]
[Annotator "NA"]
[PlyCount "49"]
[EventDate "2019.04.18"]
[EventType "swiss"]
[EventCountry "ESP"]
[SourceTitle "playchess.com"]
[Source "ChessBase"]
[SourceQuality "1"]
[TimeControl "5400+30"]

1. Nf3 Nf6 2. g3 d5 3. Bg2 e6 4. O-O Be7 5. d4 O-O 6. c4 c5 7. cxd5 Nxd5 8. Nc3 Nxc3 9. bxc3 Nc6 10. e4 b6 11. d5 Na5 12. Bf4 g5 13. Bc1 Bb7 14. h4 gxh4 15. Bh6 hxg3 16. Bxf8 gxf2+ 17. Rxf2 Bxf8 18. Ne5 f5 19. exf5 Bg7 20. f6 Bxf6 21. Qg4+ Bg5 22. Qxe6+ Kg7 23. Rf7+ Kh8 24. Rxh7+ Kxh7 25. Qg6+ 1-0

[Event "CAT-ch Open-Women 2019"]
[Site "Platja de la Pineda"]
[Date "2019.04.21"]
[Round "7.1"]
[White "Diaz Camallonga, Carles"]
[Black "Munoz, Miguel"]
[Result "1/2-1/2"]
[ECO "B01"]
[WhiteElo "2432"]
[BlackElo "2509"]
[Annotator "ChessBase"]
[PlyCount "36"]
[EventDate "2019.04.18"]
[EventType "swiss"]
[EventCountry "ESP"]
[SourceTitle "playchess.com"]
[Source "ChessBase"]
[SourceQuality "1"]
[TimeControl "5400+30"]

1. e4 d5 2. exd5 Qxd5 3. Nc3 Qa5 4. d4 Nf6 5. Bd2 Bg4 6. f3 Bd7 7. Bc4 Qb6 8. Nge2 e6 9. O-O Be7 10. Kh1 O-O 11. a4 a5 12. Ne4 Bc6 13. Bd3 Nbd7 14. c3 Qxb2 15. Rb1 Qa2 16. Ra1 Qb2 17. Rb1 Qa2 18. Ra1 Qb2 1/2-1/2

[Event "CAT-ch Open-Women 2019"]
[Site "Platja de la Pineda"]
[Date "2019.04.21"]
[Round "7.1"]
[White "Jimenez Ruano, Adrian"]
[Black "Boixader Arbo, Xavier"]
[Result "1-0"]
[ECO "A56"]
[WhiteElo "2287"]
[BlackElo "2154"]
[Annotator "NA"]
[PlyCount "75"]
[EventDate "2019.04.18"]
[EventType "swiss"]
[EventCountry "ESP"]
[SourceTitle "playchess.com"]
[Source "ChessBase"]
[SourceQuality "1"]
[TimeControl "5400+30"]

1. d4 Nf6 2. Nf3 c5 3. d5 g6 4. c4 d6 5. Nc3 Bg7 6. h3 e5 7. e4 a6 8. Bg5 Qe7 9. Qd2 h6 10. Be3 Nh5 11. Be2 Nd7 12. Rb1 Nhf6 13. a3 g5 14. Nh2 Nf8 15. Ng4 Ng6 16. Nxf6+ Qxf6 17. g3 Bd7 18. Qc2 Qd8 19. b4 b6 20. Bg4 Nf8 21. Kd2 h5 22. Bf5 Bf6 23. Rb2 Rc8 24. bxc5 bxc5 25. Bxd7+ Nxd7 26. Qa4 O-O 27. Rhb1 Kg7 28. Rb7 Nb8 29. Kd3 Kg6 30. Bd2 Bg7 31. g4 hxg4 32. hxg4 Qf6 33. Be3 Qf3 34. Ne2 Bf6 35. Qd1 Qh3 36. Ng3 Rh8 37. Qf3 Rcd8 38. Rh1 1-0

[Event "CAT-ch Open-Women 2019"]
[Site "Platja de la Pineda"]
[Date "2019.04.21"]
[Round "7.2"]
[White "Gonzalez Garcia, Jose"]
[Black "Perez Mitjans, Orelvis"]
[Result "1/2-1/2"]
[ECO "E62"]
[WhiteElo "2492"]
[BlackElo "2377"]
[Annotator "ChessBase"]
[PlyCount "99"]
[EventDate "2019.04.18"]
[EventType "swiss"]
[EventCountry "ESP"]
[SourceTitle "playchess.com"]
[Source "ChessBase"]
[SourceQuality "1"]
[TimeControl "5400+30"]

1. d4 Nf6 2. c4 g6 3. g3 Bg7 4. Bg2 O-O 5. Nc3 d6 6. Nf3 Nc6 7. O-O Bg4 8. d5 Na5 9. Nd2 c5 10. Qc2 a6 11. b3 b5 12. h3 Bd7 13. Bb2 bxc4 14. bxc4 Rb8 15. Rab1 e5 16. dxe6 fxe6 17. Nce4 Rxb2 18. Rxb2 Nxe4 19. Nxe4 Bxb2 20. Qxb2 Bc6 21. Qc3 Nb7 22. Rd1 Qe7 23. Qb2 Bxe4 24. Bxe4 Nd8 25. Qb6 Qf6 26. Bf3 Nf7 27. Qxa6 h5 28. Rxd6 Nxd6 29. Qxd6 h4 30. g4 Rd8 31. Qxc5 Rd1+ 32. Kg2 Qa1 33. Qe7 Rh1 34. Qxe6+ Kf8 35. Qd6+ Kg7 36. Qe7+ Kh8 37. Qxh4+ Kg7 38. Qe7+ Kh8 39. Kg3 Qg1+ 40. Bg2 Qh2+ 41. Kf3 Rc1 42. Qe3 Rg1 43. Qh6+ Kg8 44. Qxg6+ Kf8 45. Qh6+ Ke8 46. Qh5+ Kf8 47. Qh8+ Kf7 48. Qh7+ Kf8 49. Qf5+ Ke8 50. Qh5+ 1/2-1/2

[Event "CAT-ch Open-Women 2019"]
[Site "Platja de la Pineda"]
[Date "2019.04.21"]
[Round "7.2"]
[White "Garcia Jimenez, Francisco Javier"]
[Black "Jul Perez, Alberto"]
[Result "1-0"]
[ECO "B23"]
[WhiteElo "2254"]
[BlackElo "1945"]
[Annotator "NA"]
[PlyCount "56"]
[EventDate "2019.04.18"]
[EventType "swiss"]
[EventCountry "ESP"]
[SourceTitle "playchess.com"]
[Source "ChessBase"]
[SourceQuality "1"]
[TimeControl "5400+30"]

1. e4 c5 2. Nc3 e6 3. Nge2 d5 4. exd5 exd5 5. d4 Be6 6. g3 Nc6 7. Bg2 cxd4 8. Nxd4 Bc5 9. Nxe6 fxe6 10. Qh5+ g6 11. Qg4 Qf6 12. O-O h5 13. Qg5 Qf7 14. Bd2 h4 15. gxh4 Rh5 16. Qg3 Nge7 17. Bg5 Nf5 18. Qg4 Be7 19. Rae1 Ncd4 20. Bxe7 Kxe7 21. Nxd5+ Kd7 22. Ne3 Rxh4 23. Qd1 Nd6 24. Ng4 Qf4 25. h3 Rxh3 26. Bxh3 Nf3+ 27. Qxf3 Qxf3 28. Ne5+ Kd8 1-0

[Event "CAT-ch Open-Women 2019"]
[Site "Platja de la Pineda"]
[Date "2019.04.21"]
[Round "7.3"]
[White "Oratovsky, Michael"]
[Black "Guerra Mendez, Jose Angel"]
[Result "0-1"]
[ECO "C54"]
[WhiteElo "2455"]
[BlackElo "2531"]
[Annotator "ChessBase"]
[PlyCount "108"]
[EventDate "2019.04.18"]
[EventType "swiss"]
[EventCountry "ESP"]
[SourceTitle "playchess.com"]
[Source "ChessBase"]
[SourceQuality "1"]
[TimeControl "5400+30"]

1. e4 e5 2. Bc4 Nf6 3. d3 Nc6 4. Nf3 Bc5 5. c3 a6 6. Nbd2 d6 7. Bb3 O-O 8. Nf1 h6 9. Ng3 Be6 10. O-O Re8 11. Bxe6 fxe6 12. b4 Ba7 13. a4 Ne7 14. Be3 Ng6 15. Bxa7 Rxa7 16. d4 Ra8 17. dxe5 Nxe5 18. Nxe5 dxe5 19. Qb3 Kh8 20. Rfd1 Qe7 21. f3 Red8 22. Nf1 Ne8 23. Ne3 Nd6 24. Ng4 Nf7 25. a5 Rxd1+ 26. Rxd1 h5 27. Ne3 Rd8 28. Rxd8+ Nxd8 29. Qd1 Nf7 30. Nc4 Kg8 31. Qd2 Qe8 32. f4 Qc6 33. Nxe5 Nxe5 34. fxe5 Qxe4 35. h3 Qxe5 36. Qd8+ Kh7 37. Qd3+ Kh6 38. Qd2+ Kg6 39. Qd3+ Kg5 40. Qd2+ Kf5 41. Qd3+ Qe4 42. Qg3 g5 43. Qf2+ Kg6 44. Qc5 c6 45. Qe7 g4 46. Qe8+ Kg5 47. Qd8+ Kf4 48. Qd6+ Ke3 49. hxg4 hxg4 50. Qd1 g3 51. Qe1+ Kf4 52. Qf1+ Ke5 53. Qc1 Qf4 54. Qe1+ Kd5 0-1

[Event "CAT-ch Open-Women 2019"]
[Site "Platja de la Pineda"]
[Date "2019.04.21"]
[Round "7.3"]
[White "Bravo Barranco, Narciso"]
[Black "Ruiz Herrero, Victor"]
[Result "1-0"]
[ECO "B06"]
[WhiteElo "2252"]
[BlackElo "1924"]
[Annotator "NA"]
[PlyCount "97"]
[EventDate "2019.04.18"]
[EventType "swiss"]
[EventCountry "ESP"]
[SourceTitle "playchess.com"]
[Source "ChessBase"]
[SourceQuality "1"]
[TimeControl "5400+30"]

1. e4 g6 2. d4 Bg7 3. Nc3 d6 4. Be3 a6 5. Qd2 b5 6. f3 Nd7 7. Nh3 Bb7 8. a4 c6 9. Be2 Ngf6 10. O-O O-O 11. Nf2 Rc8 12. Rfc1 Qc7 13. Ncd1 e5 14. c4 exd4 15. Bxd4 b4 16. b3 c5 17. Bb2 Rfe8 18. Nd3 Ne5 19. N1f2 Nfd7 20. Rd1 Nxd3 21. Nxd3 Ne5 22. Nf2 Rcd8 23. Rab1 Nc6 24. Bxg7 Kxg7 25. Ng4 Qe7 26. Qh6+ Kh8 27. Bd3 Bc8 28. Ne3 Qf8 29. Qxf8+ Rxf8 30. Nc2 Kg7 31. Kf2 f6 32. Be2 Kf7 33. f4 Bb7 34. Bf3 Rfe8 35. Rd3 Na5 36. Re1 Re7 37. e5 Bxf3 38. Kxf3 fxe5 39. fxe5 Rxe5 40. Rxe5 dxe5 41. Rxd8 Nxb3 42. Ke4 Ke7 43. Rb8 Na5 44. Kd5 Kd7 45. Kxc5 b3 46. Na1 e4 47. Nxb3 e3 48. Nxa5 e2 49. Rb1 1-0

[Event "CAT-ch Open-Women 2019"]
[Site "Platja de la Pineda"]
[Date "2019.04.21"]
[Round "7.4"]
[White "Montilla Carrillo, Esteban"]
[Black "Garcia De Blas, Esteban"]
[Result "1/2-1/2"]
[ECO "E11"]
[WhiteElo "2178"]
[BlackElo "1989"]
[Annotator "NA"]
[PlyCount "44"]
[EventDate "2019.04.18"]
[EventType "swiss"]
[EventCountry "ESP"]
[SourceTitle "playchess.com"]
[Source "ChessBase"]
[SourceQuality "1"]
[TimeControl "5400+30"]

1. d4 Nf6 2. c4 e6 3. g3 Bb4+ 4. Bd2 c5 5. Bxb4 cxb4 6. Bg2 O-O 7. Nf3 d6 8. Nbd2 Qe7 9. O-O a5 10. a3 Na6 11. Qc2 e5 12. e3 g6 13. Rfe1 Bf5 14. e4 Bg4 15. h3 Bxf3 16. Nxf3 b6 17. Qd2 Rfe8 18. Rad1 Kg7 19. Qd3 Qc7 20. dxe5 dxe5 21. Qd6 Qxc4 22. Qxb6 Qb3 1/2-1/2

[Event "CAT-ch Open-Women 2019"]
[Site "Platja de la Pineda"]
[Date "2019.04.21"]
[Round "7.5"]
[White "Asis Gargatagli, Hipolito"]
[Black "Ventura Bolet, Alexandre"]
[Result "1-0"]
[ECO "B01"]
[WhiteElo "2529"]
[BlackElo "2191"]
[Annotator "ChessBase"]
[PlyCount "55"]
[EventDate "2019.04.18"]
[EventType "swiss"]
[EventCountry "ESP"]
[SourceTitle "playchess.com"]
[Source "ChessBase"]
[SourceQuality "1"]
[TimeControl "5400+30"]

1. e4 d5 2. exd5 Nf6 3. Nf3 Nxd5 4. d4 e6 5. g3 c5 6. Bg2 cxd4 7. Nxd4 Be7 8. O-O O-O 9. Qe2 Nc6 10. Nxc6 bxc6 11. c4 Nb6 12. Rd1 Qe8 13. Nc3 Ba6 14. b3 Bf6 15. Bb2 Rb8 16. Ne4 Bxb2 17. Qxb2 Qe7 18. Qe5 Rbd8 19. Qc5 Nc8 20. Qxc6 Bb7 21. Qxb7 Qxb7 22. Nf6+ gxf6 23. Bxb7 Nd6 24. Bc6 e5 25. g4 f5 26. Rd5 f6 27. Rad1 Nf7 28. gxf5 1-0

[Event "CAT-ch Open-Women 2019"]
[Site "Platja de la Pineda"]
[Date "2019.04.21"]
[Round "7.5"]
[White "Campos Cayuelas, Adrian"]
[Black "Ruperez, Miguel"]
[Result "1-0"]
[ECO "B40"]
[WhiteElo "2162"]
[BlackElo "2168"]
[Annotator "NA"]
[PlyCount "50"]
[EventDate "2019.04.18"]
[EventType "swiss"]
[EventCountry "ESP"]
[SourceTitle "playchess.com"]
[Source "ChessBase"]
[SourceQuality "1"]
[TimeControl "5400+30"]

1. e4 c5 2. Nf3 e6 3. d4 cxd4 4. Nxd4 Nc6 5. Nxc6 bxc6 6. Bd3 d5 7. O-O Nf6 8. Qe2 Be7 9. Nd2 Qc7 10. b3 O-O 11. Bb2 c5 12. c4 Bb7 13. exd5 exd5 14. Rfe1 Bd8 15. cxd5 Bxd5 16. Ne4 Qc6 17. Nxf6+ Bxf6 18. Bxf6 Rfe8 19. Qh5 g6 20. Qh4 Bxg2 21. Bb5 Rxe1+ 22. Rxe1 Qf3 23. Ba1 Bh1 24. Qg3 Qb7 25. Bf1 Qd5 1-0

[Event "CAT-ch Open-Women 2019"]
[Site "Platja de la Pineda"]
[Date "2019.04.21"]
[Round "7.6"]
[White "Moskalenko, Viktor"]
[Black "Pena Morales, Hugo"]
[Result "1/2-1/2"]
[ECO "A83"]
[WhiteElo "2515"]
[BlackElo "2276"]
[Annotator "ChessBase"]
[PlyCount "77"]
[EventDate "2019.04.18"]
[EventType "swiss"]
[EventCountry "ESP"]
[SourceTitle "playchess.com"]
[Source "ChessBase"]
[SourceQuality "1"]
[TimeControl "5400+30"]

1. d4 f5 2. Nc3 Nf6 3. Bg5 e6 4. e4 fxe4 5. Nxe4 Be7 6. Bxf6 Bxf6 7. Nf3 b6 8. Bd3 Bb7 9. Qe2 Nc6 10. c3 O-O 11. h4 e5 12. Nfg5 g6 13. Nxh7 Kxh7 14. h5 Kg7 15. hxg6 Rh8 16. O-O-O Bh4 17. d5 Ne7 18. c4 Nf5 19. Qf3 Bg5+ 20. Kb1 Bf4 21. Rxh8 Qxh8 22. g3 Rf8 23. gxf4 Ne7 24. Rh1 Rxf4 25. Rxh8 Rxf3 26. Rh7+ Kxg6 27. Rxe7 Rxd3 28. Nc3 Ba6 29. Rxd7 Bxc4 30. Rxc7 Bxd5 31. Nxd5 Rxd5 32. Rxa7 Rd1+ 33. Kc2 Rf1 34. Rb7 Rxf2+ 35. Kc3 Rf6 36. Kc4 Rd6 37. a4 e4 38. Re7 Kf5 39. b4 {Ke5} 1/2-1/2

[Event "CAT-ch Open-Women 2019"]
[Site "Platja de la Pineda"]
[Date "2019.04.21"]
[Round "7.7"]
[White "Gomez Anadon, Daniel"]
[Black "Valenzuela Gomez, Fernando"]
[Result "1-0"]
[ECO "B15"]
[WhiteElo "2271"]
[BlackElo "2406"]
[Annotator "NA"]
[PlyCount "89"]
[EventDate "2019.04.18"]
[EventType "swiss"]
[EventCountry "ESP"]
[SourceTitle "playchess.com"]
[Source "ChessBase"]
[SourceQuality "1"]
[TimeControl "5400+30"]

1. e4 c6 2. Nc3 d5 3. Nf3 g6 4. d4 Bg7 5. exd5 cxd5 6. Bb5+ Nc6 7. Ne5 Bd7 8. Bxc6 bxc6 9. Nxd7 Qxd7 10. O-O c5 11. dxc5 e6 12. Re1 Ne7 13. Bf4 O-O 14. Qd2 Qb7 15. Rab1 Qb4 16. Bd6 Rfe8 17. a3 Qc4 18. Qd3 Bxc3 19. bxc3 Qa4 20. Rb4 Qxa3 21. g4 Nc6 22. Rb7 Na5 23. Rb4 Nc6 24. Rf4 d4 25. Qe4 Qxc3 26. Rb1 d3 27. cxd3 Rac8 28. Rb7 Qa1+ 29. Kg2 Nd8 30. Rd7 Qa6 31. Kg3 e5 32. Rf6 Re6 33. Rdxf7 Nxf7 34. Rxe6 Qa1 35. Kg2 Qd4 36. Qxd4 exd4 37. Re7 Rc6 38. Re8+ Kg7 39. Bf8+ Kf6 40. f4 Ra6 41. Kf3 h6 42. Ke4 Ra2 43. Kxd4 Rxh2 44. Kd5 h5 45. Re6# 1-0

[Event "CAT-ch Open-Women 2019"]
[Site "Platja de la Pineda"]
[Date "2019.04.21"]
[Round "7.7"]
[White "Guerra Reig, Juan"]
[Black "Gonzalez Vericat, Sergio"]
[Result "0-1"]
[ECO "A29"]
[WhiteElo "1996"]
[BlackElo "2122"]
[Annotator "NA"]
[PlyCount "59"]
[EventDate "2019.04.18"]
[EventType "swiss"]
[EventCountry "ESP"]
[SourceTitle "playchess.com"]
[Source "ChessBase"]
[SourceQuality "1"]
[TimeControl "5400+30"]

1. c4 e5 2. Nc3 Nf6 3. g3 d5 4. cxd5 Nxd5 5. Bg2 Nb6 6. d3 Nc6 7. Nf3 Be7 8. O-O O-O 9. a3 Be6 10. b4 a5 11. b5 Nd4 12. Nxd4 exd4 13. Na4 Nxa4 14. Qxa4 Bd5 15. Bxd5 Qxd5 16. Bf4 Bd6 17. Bxd6 Qxd6 18. Rfc1 Rfe8 19. Ra2 Re5 20. Rac2 h5 21. Rxc7 Rxe2 22. Qc4 Qf6 23. Rc8+ Rxc8 24. Qxc8+ Kh7 25. Rf1 Qf3 26. Qc4 Rd2 27. Qxd4 Rxd3 28. Qb2 h4 29. gxh4 Rd6 30. Re1 0-1

[Event "CAT-ch Open-Women 2019"]
[Site "Platja de la Pineda"]
[Date "2019.04.21"]
[Round "7.8"]
[White "Ayats Llobera, Gerard"]
[Black "Fernandez Diaz, Cristian"]
[Result "1/2-1/2"]
[ECO "C70"]
[WhiteElo "2363"]
[BlackElo "2237"]
[Annotator "NA"]
[PlyCount "50"]
[EventDate "2019.04.18"]
[EventType "swiss"]
[EventCountry "ESP"]
[SourceTitle "playchess.com"]
[Source "ChessBase"]
[SourceQuality "1"]
[TimeControl "5400+30"]

1. e4 e5 2. Nf3 Nc6 3. Bb5 a6 4. Ba4 Nge7 5. Nc3 g6 6. d4 exd4 7. Nd5 Bg7 8. Bg5 h6 9. Bf6 Bxf6 10. Nxf6+ Kf8 11. O-O d6 12. Nxd4 Kg7 13. Nd5 Nxd5 14. Nxc6 bxc6 15. Bxc6 Nb6 16. Bxa8 Nxa8 17. Qd4+ Qf6 18. Qa7 Qg5 19. Kh1 Bd7 20. c4 Qc5 21. Qxa6 Nb6 22. Qb7 Bc6 23. Qxc7 Rc8 24. Qa7 Ra8 25. Qc7 Rc8 1/2-1/2

[Event "CAT-ch Open-Women 2019"]
[Site "Platja de la Pineda"]
[Date "2019.04.21"]
[Round "7.8"]
[White "Fernandez Fuentes, Fco. Javier"]
[Black "Guix Torres, David"]
[Result "1-0"]
[ECO "B22"]
[WhiteElo "2090"]
[BlackElo "1972"]
[Annotator "NA"]
[PlyCount "67"]
[EventDate "2019.04.18"]
[EventType "swiss"]
[EventCountry "ESP"]
[SourceTitle "playchess.com"]
[Source "ChessBase"]
[SourceQuality "1"]
[TimeControl "5400+30"]

1. e4 c5 2. Nf3 g6 3. c3 d5 4. exd5 Qxd5 5. d4 Bg7 6. Na3 Nf6 7. Be2 O-O 8. O-O Na6 9. Be3 Ng4 10. Bf4 cxd4 11. cxd4 Qf5 12. Bg3 Nf6 13. Nc4 Be6 14. Nfe5 Nd5 15. Ne3 Qg5 16. Nxd5 Bxd5 17. h4 Qf6 18. Nd7 Qc6 19. Nxf8 Rxf8 20. Rc1 Qb6 21. b3 Bxd4 22. Bf3 Bxf3 23. Qxf3 Nc5 24. h5 e5 25. Rfd1 e4 26. Qe2 Nd3 27. Rc4 f5 28. Bc7 Bxf2+ 29. Kf1 Qe3 30. Rxd3 exd3 31. Qxf2 Qg5 32. Qd4 gxh5 33. Qd5+ Rf7 34. Be5 1-0

[Event "CAT-ch Open-Women 2019"]
[Site "Platja de la Pineda"]
[Date "2019.04.21"]
[Round "7.9"]
[White "Barbero Sendic, Alejandro"]
[Black "Del Amo Carbo, Jordi"]
[Result "1/2-1/2"]
[ECO "C69"]
[WhiteElo "2361"]
[BlackElo "2175"]
[Annotator "ChessBase"]
[PlyCount "232"]
[EventDate "2019.04.18"]
[EventType "swiss"]
[EventCountry "ESP"]
[SourceTitle "playchess.com"]
[Source "ChessBase"]
[SourceQuality "1"]
[TimeControl "5400+30"]

1. e4 e5 2. Nf3 Nc6 3. Bb5 a6 4. Bxc6 dxc6 5. O-O f6 6. d4 exd4 7. Nxd4 Ne7 8. Nc3 Ng6 9. h3 Bd6 10. Qh5 O-O 11. Nf5 Bxf5 12. Qxf5 Qe7 13. Be3 Rad8 14. Rad1 Rfe8 15. f4 Bb4 16. Rxd8 Rxd8 17. Nd1 Qf7 18. a3 Bf8 19. Qa5 Kh8 20. Nf2 Bd6 21. Rd1 Re8 22. Qd2 Qc4 23. g3 Qf7 24. Qe2 Nf8 25. c4 c5 26. b4 Qe7 27. Qh5 Nd7 28. Qd5 b6 29. b5 a5 30. Bc1 Qe6 31. Bb2 Nf8 32. Kg2 Kg8 33. Kf3 Kf7 34. h4 Qxd5 35. Rxd5 Be7 36. e5 Rc8 37. Ne4 f5 38. e6+ Kxe6 39. Re5+ Kd7 40. Rxf5 g6 41. Rf7 Ke6 42. Rg7 c6 43. bxc6 Rxc6 44. a4 Rc8 45. Be5 Rd8 46. Ke2 Rd7 47. Nc3 Bd8 48. Rg8 Kf7 49. Rg7+ Ke6 50. Nd5 Rxg7 51. Bxg7 Nd7 52. g4 Bxh4 53. g5 Kf7 54. Bc3 Kg8 55. Kf3 h6 56. Kg4 hxg5 57. Nf6+ Nxf6+ 58. Bxf6 Be1 59. Bxg5 Kf7 60. Bd8 Bd2 61. Bxb6 Bb4 62. f5 Kf6 63. Bd8+ Kf7 64. fxg6+ Kxg6 65. Kf4 Kf7 66. Ke5 Ke8 67. Bb6 Kd7 68. Kd5 Bc3 69. Kxc5 Kc8 70. Kb5 Kb7 71. Bxa5 Bd4 72. Bb4 Be3 73. a5 Bd4 74. a6+ Ka8 75. Kc6 Be3 76. Be7 Bd4 77. Bc5 Bf6 78. Bb6 Be7 79. Bc5 Bf6 80. Kd5 Bg5 81. Kc6 Bf6 82. Bb4 Bd4 83. Ba5 Ka7 84. Kb5 Be3 85. Bb4 Ka8 86. Bc5 Bg5 87. Kc6 Bf6 88. Kc7 Bg5 89. Kd7 Bh6 90. Bf2 Bf8 91. Bb6 Bb4 92. Kc7 Bf8 93. Bd4 Bb4 94. Be5 Bc5 95. Kc6 Be7 96. Kd5 Ka7 97. Bd6 Bd8 98. c5 Kxa6 99. Kc6 Ba5 100. Kd7 Kb5 101. c6 Bb6 102. Bb8 Ba5 103. Ba7 Ka6 104. Be3 Kb5 105. Bg5 Bb6 106. Bd2 Bd8 107. Bb4 Bb6 108. Be1 Bd8 109. Bg3 Bb6 110. Bc7 Be3 111. Ba5 Bf4 112. Bd2 Bh2 113. Be3 Bg3 114. Bg5 Kc5 115. Bd8 Kd5 116. Bc7 Be1 1/2-1/2

[Event "CAT-ch Open-Women 2019"]
[Site "Platja de la Pineda"]
[Date "2019.04.21"]
[Round "7.9"]
[White "Jareno Badenas, Aleix"]
[Black "Lozano Ruiz, David"]
[Result "1-0"]
[ECO "A04"]
[WhiteElo "2055"]
[BlackElo "1898"]
[Annotator "NA"]
[PlyCount "85"]
[EventDate "2019.04.18"]
[EventType "swiss"]
[EventCountry "ESP"]
[SourceTitle "playchess.com"]
[Source "ChessBase"]
[SourceQuality "1"]
[TimeControl "5400+30"]

1. Nf3 f5 2. e4 fxe4 3. Ng5 Nf6 4. d3 d5 5. dxe4 e5 6. exd5 Qxd5 7. Qxd5 Nxd5 8. Bc4 c6 9. O-O h6 10. Ne4 Be6 11. Re1 Nd7 12. Nbc3 O-O-O 13. Bb3 N7f6 14. Bd2 Be7 15. Rad1 Rhe8 16. a3 Bf8 17. Bc1 Bg8 18. Nxf6 Nxf6 19. Rxd8+ Kxd8 20. Bxg8 Nxg8 21. Rd1+ Kc7 22. Ne4 Nf6 23. Nxf6 gxf6 24. g4 Rd8 25. Rxd8 Kxd8 26. Kg2 Ke8 27. Kf3 Kf7 28. h4 Ke6 29. Ke4 Bg7 30. h5 b6 31. Be3 c5 32. b4 cxb4 33. axb4 Bf8 34. b5 Bg7 35. Bd2 Bf8 36. c4 Bg7 37. Bb4 f5+ 38. gxf5+ Kf6 39. f4 exf4 40. Bc3+ Kf7 41. Bxg7 Kxg7 42. Kxf4 Kf6 43. Ke4 1-0

[Event "CAT-ch Open-Women 2019"]
[Site "Platja de la Pineda"]
[Date "2019.04.21"]
[Round "7.10"]
[White "Herrera Reyes, Jose Antonio"]
[Black "Ros Alonso, Jaume"]
[Result "1-0"]
[ECO "B22"]
[WhiteElo "2355"]
[BlackElo "2182"]
[Annotator "NA"]
[PlyCount "77"]
[EventDate "2019.04.18"]
[EventType "swiss"]
[EventCountry "ESP"]
[SourceTitle "playchess.com"]
[Source "ChessBase"]
[SourceQuality "1"]
[TimeControl "5400+30"]

1. e4 c5 2. c3 Nf6 3. e5 Nd5 4. d4 cxd4 5. Nf3 e6 6. cxd4 d6 7. Bc4 Nb6 8. Bd3 dxe5 9. dxe5 Na6 10. Qe2 Nc5 11. Bc2 Nd5 12. O-O Be7 13. Qc4 O-O 14. Rd1 Qc7 15. Na3 Bd7 16. Bg5 f6 17. Qh4 g6 18. exf6 Nxf6 19. b4 Na6 20. Rac1 Bc6 21. Bb3 Rad8 22. b5 Rxd1+ 23. Rxd1 Bxf3 24. Bxe6+ Kh8 25. gxf3 Nc5 26. Bc4 Ncd7 27. Nb1 Ne5 28. Be2 Qc2 29. Nd2 h5 30. Qd4 Qf5 31. f4 Nf7 32. Nf3 Nxg5 33. fxg5 Qg4+ 34. Qxg4 Nxg4 35. h3 Bc5 36. hxg4 hxg4 37. Nd4 g3 38. Nf3 gxf2+ 39. Kf1 1-0

[Event "CAT-ch Open-Women 2019"]
[Site "Platja de la Pineda"]
[Date "2019.04.21"]
[Round "7.10"]
[White "Ros Alonso, Joana"]
[Black "Martin Barcelo, Carles"]
[Result "1/2-1/2"]
[ECO "C07"]
[WhiteElo "1954"]
[BlackElo "2030"]
[Annotator "NA"]
[PlyCount "50"]
[EventDate "2019.04.18"]
[EventType "swiss"]
[EventCountry "ESP"]
[SourceTitle "playchess.com"]
[Source "ChessBase"]
[SourceQuality "1"]
[TimeControl "5400+30"]

1. e4 e6 2. d4 d5 3. Nd2 c5 4. Ngf3 cxd4 5. Nxd4 Nf6 6. exd5 Nxd5 7. N2f3 Bb4+ 8. Bd2 O-O 9. c3 Be7 10. Qc2 Bf6 11. O-O-O Bd7 12. Bd3 h6 13. h4 Bxd4 14. Nxd4 Nc6 15. Nxc6 Bxc6 16. c4 Nf6 17. Bb4 Re8 18. Bh7+ Nxh7 19. Rxd8 Raxd8 20. Bc3 e5 21. Rg1 Nf8 22. g4 Bf3 23. Qf5 e4 24. Bd2 b6 25. Be3 Ng6 1/2-1/2

[Event "CAT-ch Open-Women 2019"]
[Site "Platja de la Pineda"]
[Date "2019.04.21"]
[Round "7.11"]
[White "Chueca Forcen, Alberto"]
[Black "Garcia Ramos, Daniel"]
[Result "1-0"]
[ECO "D14"]
[WhiteElo "2270"]
[BlackElo "2286"]
[Annotator "NA"]
[PlyCount "97"]
[EventDate "2019.04.18"]
[EventType "swiss"]
[EventCountry "ESP"]
[SourceTitle "playchess.com"]
[Source "ChessBase"]
[SourceQuality "1"]
[TimeControl "5400+30"]

1. d4 d5 2. c4 c6 3. cxd5 cxd5 4. Nc3 Nc6 5. Nf3 Nf6 6. Bf4 Bf5 7. Qb3 Na5 8. Qa4+ Bd7 9. Qc2 e6 10. e3 Rc8 11. Bd3 Bb4 12. O-O O-O 13. Ne5 h6 14. h3 Qe7 15. a3 Bxc3 16. bxc3 Rfd8 17. Bg3 b6 18. Bh4 g5 19. Bg3 Nc4 20. Bxc4 dxc4 21. f4 Be8 22. fxg5 hxg5 23. Rf3 Nh5 24. Bh2 f6 25. Ng4 f5 26. Ne5 Ng7 27. g4 Bd7 28. Nxd7 Rxd7 29. Be5 Rf8 30. Qa4 Rdd8 31. Raf1 fxg4 32. hxg4 Rxf3 33. Rxf3 Qb7 34. Kf2 b5 35. Qc2 Rf8 36. Rxf8+ Kxf8 37. Qh7 Qf7+ 38. Ke2 Ne8 39. Qh6+ Ke7 40. Qxg5+ Kd7 41. Bf4 a6 42. Qc5 Qg6 43. Kf3 Qb1 44. Qa7+ Kd8 45. Bg5+ Kc8 46. Qa8+ Kc7 47. Bf4+ Nd6 48. Qa7+ Kd8 49. Qb8+ 1-0

[Event "CAT-ch Open-Women 2019"]
[Site "Platja de la Pineda"]
[Date "2019.04.21"]
[Round "7.11"]
[White "Pla Almenar, Nel"]
[Black "Marin Martorel, Jose"]
[Result "1-0"]
[ECO "E85"]
[WhiteElo "2006"]
[BlackElo "1799"]
[Annotator "NA"]
[PlyCount "55"]
[EventDate "2019.04.18"]
[EventType "swiss"]
[EventCountry "ESP"]
[SourceTitle "playchess.com"]
[Source "ChessBase"]
[SourceQuality "1"]
[TimeControl "5400+30"]

1. d4 Nf6 2. c4 g6 3. Nc3 Bg7 4. e4 O-O 5. f3 d6 6. Be3 Nc6 7. Nge2 e5 8. d5 Ne7 9. Qd2 Re8 10. g4 a6 11. Ng3 Bd7 12. h4 b5 13. h5 Kf8 14. Bh6 Neg8 15. Bxg7+ Kxg7 16. g5 Nxh5 17. Nxh5+ gxh5 18. Rxh5 Ne7 19. O-O-O Ng6 20. Qh2 Rh8 21. Ne2 Qe7 22. Bh3 bxc4 23. Rh1 Bxh3 24. Qxh3 Rag8 25. Ng3 Kf8 26. Qc8+ Qe8 27. Qxc7 Qe7 28. Qb8+ 1-0

[Event "CAT-ch Open-Women 2019"]
[Site "Platja de la Pineda"]
[Date "2019.04.21"]
[Round "7.12"]
[White "Hernando Rodrigo, Julio Antonio"]
[Black "Millaret Lores, Francesc"]
[Result "0-1"]
[ECO "A57"]
[WhiteElo "2308"]
[BlackElo "2028"]
[Annotator "NA"]
[PlyCount "62"]
[EventDate "2019.04.18"]
[EventType "swiss"]
[EventCountry "ESP"]
[SourceTitle "playchess.com"]
[Source "ChessBase"]
[SourceQuality "1"]
[TimeControl "5400+30"]

1. d4 Nf6 2. c4 c5 3. d5 b5 4. cxb5 a6 5. Nc3 axb5 6. e4 b4 7. Nb5 d6 8. Bf4 g5 9. Bxg5 Nxe4 10. Nf3 Bg7 11. Bd3 Nxg5 12. Nxg5 h6 13. Ne4 Nd7 14. O-O Nf6 15. Ng3 h5 16. a4 Ra5 17. Re1 Kf8 18. Qb3 Bd7 19. Nf1 Ng4 20. Nd2 Ne5 21. Bf1 Bh6 22. Ne4 Bf5 23. Nxc5 Rg8 24. Nb7 Qb6 25. Nxa5 Qxa5 26. Nd4 Bg4 27. Nc6 Nxc6 28. dxc6 Qc5 29. Qc4 Qxc4 30. Bxc4 Bf3 31. c7 Rxg2+ 0-1